Map: White Rabbit LE

Players

ShoWTimE - Winner!

  • Race: Protoss Protoss
  • League: Master
  • Spawn Location: 7:00

LiquidClem (Clem)

  • Race: Terran Terran
  • League: Grandmaster
  • Spawn Location: 1:00

VOD

Have the link to the VOD?

Description

Time

  • Played on: Feb. 1, 2026, 1:49 p.m.
  • Length: 6:29
Show
View Real Time Build Order
Export as new Build Order

ShoWTimE Protoss - Winner!

Build Orders: 1 Gate Expand, Blink Stalkers 

Get SALT Encoding   

  12  0:00  Probe  
  13  0:12  Probe  
  14  0:17  Pylon  
  14  0:24  Probe  
  15  0:32  Probe  
  15  0:35  Gateway  
  15  0:40  Probe  
  16  0:45  Assimilator  
  17  0:50  Probe  
  18  1:03  Probe  
  19  1:15  Probe  
  20  1:22  Cybernetics Core  
  20  1:29  Nexus  
  20  1:32  Probe  
  21  1:39  Pylon  
  21  1:44  Probe  
  22  1:47  Assimilator  
  22  1:48  Adept  
  22  1:56  Probe  
  22  1:59  Warp Gate  
  25  2:08  Adept, Probe  
  26  2:21  Probe  
  29  2:25  Twilight Council  
  29  2:33  Probe  
  30  2:37  Probe  
  30  2:38  Stalker  
  33  2:45  Probe x2  
  35  2:57  Probe  
  35  2:58  Probe  
  36  3:00  Blink, Gateway  
  37  3:09  Stalker, Probe  
  37  3:10  Probe  
  39  3:18  Shield Battery  
  39  3:21  Probe  
  39  3:23  Probe  
  41  3:28  Pylon  
  41  3:33  Probe  
  42  3:35  Robotics Facility  
  42  3:36  Probe  
  43  3:45  Probe  
  43  3:47  Gateway  
  44  3:49  Probe  
  44  3:52  Stalker  
  47  3:57  Probe  
  47  3:58  Pylon  
  47  4:01  Stalker  
  50  4:03  Probe  
  48  4:10  Probe  
  48  4:15  Stalker  
  48  4:16  Probe  
  46  4:18  Warp Prism  
  46  4:24  Probe  
  49  4:31  Probe  
  49  4:36  Dark Shrine  
  50  4:38  Probe  
  50  4:43  Probe  
  52  4:45  Assimilator  
  52  4:50  Probe  
  52  4:51  Stalker  
  55  4:55  Shield Battery  
  55  4:56  Probe  
  56  5:00  Stalker  
  56  5:03  Probe  
  59  5:08  Probe  
  60  5:15  Probe  
  61  5:23  Pylon  
  61  5:27  Nexus  
  61  5:29  Pylon  
  61  5:30  Probe  
  62  5:40  Pylon  
  62  5:41  Probe  
  62  5:42  Probe  
  62  5:53  Probe  
  62  5:54  Probe  
  64  6:02  Dark Templar x2  
  64  6:03  Dark Templar  
  70  6:05  Probe  
  70  6:06  Probe  
  70  6:10  Pylon  
Show
View Real Time Build Order
Export as new Build Order

LiquidClem Terran 

Build Orders:  

Get SALT Encoding   

  12  0:00  SCV  
  13  0:12  SCV  
  14  0:16  Supply Depot  
  14  0:24  SCV  
  15  0:38  SCV  
  15  0:39  Barracks  
  15  0:42  Refinery  
  16  0:50  SCV  
  17  1:02  SCV  
  18  1:14  SCV  
  19  1:26  Marine  
  19  1:27  Orbital Command  
  20  1:43  Command Center  
  20  1:48  Factory  
  20  1:52  SCV  
  21  2:00  Barracks Reactor  
  21  2:01  Supply Depot  
  21  2:05  SCV  
  22  2:11  Refinery  
  22  2:17  SCV  
  23  2:29  SCV  
  24  2:37  Starport  
  24  2:40  Hellion x2  
  24  2:41  SCV  
  29  2:46  Marine  
  30  2:54  Supply Depot  
  31  3:05  Hellion  
  30  3:15  Medivac  
  30  3:16  Hellion, Orbital Command  
  34  3:20  SCV  
  34  3:22  Barracks Tech Lab  
  35  3:33  SCV  
  36  3:42  SCV  
  36  3:45  SCV  
  36  3:46  Cyclone, Barracks  
  41  3:50  Marine x2  
  41  3:54  SCV  
  44  3:57  SCV  
  44  4:01  Supply Depot  
  45  4:12  Marine, SCV  
  45  4:13  SCV, Marine  
  49  4:23  Siege Tank  
  48  4:24  Barracks  
  48  4:25  SCV  
  48  4:27  SCV  
  48  4:28  Bunker  
  48  4:30  Marine  
  51  4:33  Supply Depot  
  51  4:35  Barracks Tech Lab  
  51  4:38  SCV  
  52  4:40  SCV  
  52  4:43  Engineering Bay  
  53  4:46  Marine  
  53  4:50  SCV  
  56  4:52  SCV  
  56  4:53  Marine  
  56  4:58  Siege Tank  
  60  5:00  Marine  
  60  5:02  SCV  
  60  5:05  Supply Depot  
  60  5:06  SCV  
  63  5:11  Marine  
  60  5:14  SCV  
  60  5:15  Marine  
  60  5:16  Starport Reactor  
  60  5:18  Supply Depot  
  60  5:19  Marine  
  60  5:20  Refinery, SCV  
  64  5:26  Marauder  
  64  5:27  SCV  
  67  5:32  Siege Tank, SCV  
  67  5:35  Marine  
  72  5:37  Marine  
  72  5:39  Supply Depot  
  72  5:41  SCV  
  71  5:44  Barracks Tech Lab  
  71  5:45  SCV  
  71  5:47  Marauder  
  71  5:53  SCV  
  71  5:56  Marine  
  73  5:57  SCV  
  73  6:03  Supply Depot  
  73  6:04  Marine x2, Refinery  
  76  6:12  SCV  
Tags
 
Add a new tag
Caveats
  • Supply blocks, unpowered buildings, or Contaminate may cause inaccurate times.
  • Supply counts are checked every 10 seconds.